 Dungeon Crawl Stone Soup version 0.22-a0-135-g6f012ad (webtiles) character file.

158 mortelune the Chiller (level 5, -3/35 HPs)
             Began as a Demonspawn Ice Elementalist on Feb 2, 2018.
             Slain by an adder (4 damage)
             ... in a sewer.
             The game lasted 00:09:18 (3901 turns).

mortelune the Chiller (Demonspawn Ice Elementalist) Turns: 3901, Time: 00:09:19

Health: -3/35      AC:  2    Str: 11    XL:     5   Next: 16%
Magic:  2/10       EV: 12    Int: 22    God:
Gold:   72         SH:  0    Dex: 14    Spells: 4/10 levels left

rFire    . . .     SeeInvis .   p - +0 mace
rCold    + . .     Gourm    .   (no shield)
rNeg     . . .     Faith    .   a - +0 robe
rPois    .         Spirit   .   (no helmet)
rElec    .         Reflect  .   (no cloak)
rCorr    .         Harm     .   (no gloves)
MR       .....                  (no boots)
Stlth    +.........             (no amulet)
HPRegen  0.11/turn              h - +3 ring of strength
MPRegen  0.12/turn              (no ring)

@: brilliant, very slightly contaminated, very slow
A: cold resistance 1, demonic guardian 1, sturdy frame 2
a: no special abilities


You were in a sewer.
You were not hungry.

You visited 1 branch of the dungeon, and saw 3 of its levels.
You also visited: Sewer.

You collected 72 gold pieces.

Inventory:

Hand Weapons
 f - a +0 spear
 p - a +0 mace (weapon)
Armour
 a - a +0 robe (worn)
Jewellery
 h - a +3 ring of strength (left hand)
Scrolls
 c - a scroll of remove curse {unknown}
 e - 5 scrolls of magic mapping
 g - a scroll of fear {unknown}
 i - a scroll of identify
 l - a scroll of immolation {unknown}
 n - a scroll of enchant armour {unknown}
 o - a scroll of enchant weapon {unknown}
 s - a scroll of blinking {unknown}
 u - a scroll of fog {unknown}
 v - a scroll of teleportation {unknown}
Potions
 d - a potion of might {unknown}
 j - a potion of mutation {unknown}
 k - a potion of flight {unknown}
 m - a potion of brilliance
 q - a potion of magic {unknown}
 r - 2 potions of heal wounds {unknown}
Books
 b - a book of Frost

   Spells                             Type                      Level
   a - Freeze                         Ice                          1
   b - Throw Frost                    Conjuration/Ice              2
   c - Ozocubu's Armour               Charms/Ice                   3
   d - Throw Icicle                   Conjuration/Ice              4
   e - Summon Ice Beast               Ice/Summoning                4


   Skills:
 - Level 1.7 Dodging
 - Level 1.7 Stealth
 + Level 3.4 Spellcasting
 + Level 2.5 Conjurations
 + Level 3.9 Ice Magic


You had 4 spell levels left.
You knew the following spells:

 Your Spells              Type           Power        Failure   Level  Hunger
a - Freeze                Ice            ####         1%          1    None
b - Throw Frost           Conj/Ice       ####..       1%          2    ##.....
c - Ozocubu's Armour      Chrm/Ice       ####....     1%          3    ###....


Dungeon Overview and Level Annotations

Branches:
Dungeon (3/15)

Altars:


Innate Abilities, Weirdness & Mutations

Your flesh is cold resistant. (rC+)
A weak demonic guardian rushes to your aid.
Your movements are less encumbered by armour. (ER -4)


Message History

You feel clever all of a sudden.
The bullfrog closely misses your quasit.
Your quasit barely misses the bullfrog.
Your quasit misses the bullfrog.
Your quasit claws the bullfrog.
The adder bites you but does no damage. The adder barely misses your quasit.
The bullfrog hits you.
* * * LOW HITPOINT WARNING * * *
The bullfrog closely misses your quasit.
Your quasit barely misses the bullfrog. x2; Your quasit claws the bullfrog.
Casting: Freeze (safe; 1% risk of failure)
Confirm with . or Enter, or press ? or * to list all spells.
Aiming: Freeze (safe; 1% risk of failure)
Press: ? - help, Shift-Dir - straight line, f - adder
Aim: an adder (water)
You freeze the adder.
The adder is almost dead.
The adder closely misses your quasit. The bullfrog hits you.
* * * LOW HITPOINT WARNING * * *
The bullfrog barely misses your quasit. The adder barely misses you.
The adder bites you.
You die...

##≈....##..#
##≈≈..#
#≈≈≈≈≈≈#####
#≈≈≈≈≈≈
#≈≈≈≈≈≈#
#≈≈≈≈≈≈
#≈≈≈≈≈≈#
#≈≈≈≈≈≈
#≈≈≈≈≈≈#
#≈≈≈≈≈≈
#≈≈≈≈≈≈#
#≈≈≈≈≈≈
#≈≈≈≈≈≈#
##.≈≈.≈
#≈≈≈≈≈≈#
#≈≈....
#≈.@S≈≈#
#≈.≈≈.#
#≈5FS≈≈#
#≈≈≈≈≈≈
#SF#S≈≈#
#≈≈≈≈≈≈
#S#S≈≈≈#
#≈≈≈≈≈≈ #≈
≈≈≈≈#
#≈≈≈≈≈≈ #≈
S≈≈≈#
#≈≈≈≈≈≈ #≈
≈≈≈≈#
#≈≈≈≈≈≈ #≈
S#≈≈#
#≈≈≈≈≈≈ ##
...##
##.....


You could see 2 bullfrogs, 3 adders, 2 ball pythons and a friendly quasit.

Vanquished Creatures
  5 adders
  2 river rats (Sewer)
  2 oozes
  3 worms
  A dart slug (D:2)
  A leopard gecko (D:1)
  3 giant cockroaches
  8 goblins
  5 hobgoblins (D:1)
  2 jackals (D:2)
  A quokka (D:2)
  8 ball pythons
  6 bats
  5 frilled lizards
  4 kobolds
  31 rats
87 creatures vanquished.

Notes
Turn   | Place    | Note
-------+----------+-------------------------------------------
     0 | D:1      | mortelune the Demonspawn Ice Elementalist began the quest for the Orb.
     0 | D:1      | Reached XP level 1. HP: 13/13 MP: 3/3
   283 | D:1      | Gained mutation: Your movements are slightly less encumbered by armour. (ER -2) [demonic ancestry]
   283 | D:1      | Reached XP level 2. HP: 19/19 MP: 3/5
   651 | D:1      | Learned a level 2 spell: Throw Frost
  1402 | D:2      | Gained mutation: Your movements are less encumbered by armour. (ER -4) [demonic ancestry]
  1402 | D:2      | Reached XP level 3. HP: 24/24 MP: 0/7
  1945 | D:2      | Gained mutation: A weak demonic guardian rushes to your aid. [demonic ancestry]
  1945 | D:2      | Reached XP level 4. HP: 17/30 MP: 2/8
  2566 | D:2      | Learned a level 3 spell: Ozocubu's Armour
  2911 | D:3      | Found a glowing drain.
  2963 | Sewer    | Entered a sewer
  3579 | Sewer    | Gained mutation: Your flesh is cold resistant. (rC+) [demonic ancestry]
  3579 | Sewer    | Reached XP level 5. HP: 32/35 MP: 2/9
  3901 | Sewer    | HP: 1/35 [bullfrog (5)]
  3901 | Sewer    | Slain by an adder

Vault maps used:
D:1:      matt_arrival_refuge
D:3:      kennysheep_slugbush, cheibrodos_sewer_entry_bend
Sewer:    sewer_minmay_w

Skill      XL: |  1  2  3  4 |
---------------+-------------+-----
Ice Magic      | 3 |  3.9
Spellcasting   | 3 |  3.4
Conjurations   | 2 |  2.5
Dodging        | |  1.7
Stealth        | |  1.7

Action                   |  1- 3 |  4- 6 || total
-------------------------+-------+-------++-------
Melee: Spear             |    12 |     1 ||    13
       Mace              |       |    21 ||    21
 Cast: Freeze            |    54 |    63 ||   117
       Throw Frost       |     5 |    14 ||    19
  Use: Scroll            |       |     2 ||     2
       Potion            |       |     1 ||     1
 Stab: Sleeping          |     1 |     1 ||     2
  Eat: Chunk             |     4 |     3 ||     7
       Ration            |       |     1 ||     1
Armor: Robe              |    14 |    14 ||    28
Dodge: Dodged            |    39 |    70 ||   109

Table legend:
 A = Spawn XP
 B = Non-spawn XP
 C = Spawn XP percentage of total XP
 D = Spawn monster count
 E = Non-spawn monster count
 F = Spawn count percentage of total count
 G = Total turns spent on level
                    A         B        C        D         E        F      G
               +---------+---------+-------+---------+---------+-------+---------
         Total |       0 |     227 |   0.0 |       0 |      87 |   0.0 |  3901
               +---------+---------+-------+---------+---------+-------+---------
           D:1 |       0 |      35 |   0.0 |       0 |      22 |   0.0 |  1580
           D:2 |       0 |      84 |   0.0 |       0 |      23 |   0.0 |  1267
           D:3 |       0 |       9 |   0.0 |       0 |       3 |   0.0 |   116
         Sewer |       0 |      99 |   0.0 |       0 |      39 |   0.0 |   938
               +---------+---------+-------+---------+---------+-------+---------
